 Dungeon Crawl Stone Soup version 0.27-a0-277-g024f7ef292 (webtiles) character file.

Game seed: 6664034344640911888

369 Mesmaeker13 the Grave Robber (level 6, -9/41 HPs)
             Began as a Mummy Necromancer on Feb 5, 2021.
             Mangled by Edmund
             ... wielding a +2 dire flail of holy wrath
              (11 damage)
             ... on level 4 of the Dungeon.
             The game lasted 00:05:45 (4681 turns).

Mesmaeker13 the Grave Robber (Mummy Necromancer)    Turns: 4681, Time: 00:05:46

Health: -9/41      AC:  3    Str: 12    XL:     6   Next: 41%
Magic:  1/13       EV: 13    Int: 16    God:
Gold:   173        SH:  0    Dex: 12    Spells: 11/15 levels left

rFire    x . .     SeeInvis .   j - +4 hunting sling
rCold    + . .     Faith    .   (no shield)
rNeg     + + +     Spirit   .   a - +0 robe
rPois    ∞         Reflect  .   (no helmet)
rElec    .         Harm     .   c - +0 cloak
rCorr    .         Rampage  .   (no gloves)
Will     .....                  (no boots)
Stlth    ++........             (no amulet)
HPRegen  0.13/turn              (no ring)
MPRegen  0.13/turn              (no ring)

@: no status effects
A: no potions, fire vulnerability, cold resistance 1, negative energy resistance
3, torment resistance, unbreathing
a: no special abilities


You were on level 4 of the Dungeon.
You visited 1 branch of the dungeon, and saw 4 of its levels.

You collected 173 gold pieces.

Inventory:

Hand Weapons
 h - a +0 rapier
 j - a +4 hunting sling (weapon)
Missiles
 k - 44 sling bullets (quivered ammo)
Armour
 a - a +0 robe (worn)
 b - a scarf of shadows
 c - a +0 cloak (worn)
Scrolls
 d - 4 scrolls of remove curse
 e - 4 scrolls of identify
 f - 3 scrolls of teleportation
 g - a scroll of fear
 i - a scroll of fog
 l - a scroll of amnesia


   Skills:
 + Level 3.5 Dodging
 - Level 1.5 Stealth
 + Level 5.2 Spellcasting
 + Level 5.5 Necromancy


You had 11 spell levels left.
You knew the following spells:

 Your Spells              Type           Power        Failure   Level
a - Pain                  Necr           84%          1%          1
b - Vampiric Draining     Necr           10%          4%          3

Your spell library contained the following spells:

 Spells                   Type           Power        Failure   Level
 Animate Skeleton         Necr           42%          1%          1
 Animate Dead             Necr           10%          16%         4
 Agony                    Necr           21%          38%         5


Dungeon Overview and Level Annotations

Branches:
Dungeon (4/15)
 Temple: D:4-7

Altars:
Elyvilon
Makhleb
Yredelemnul

Annotations:
D:4 Edmund


Innate Abilities, Weirdness & Mutations

You do not drink.
Your flesh is vulnerable to fire.
You are immune to poison.
Your flesh is cold resistant. (rC+)
You are immune to negative energy. (rN+++)
You are immune to unholy pain and torment.
You can survive without breathing.


Message History

Edmund writhes in agony.
Edmund barely misses you.
Unknown command.
Casting: Pain (safe; 1% risk of failure)
Confirm with . or Enter, or press ? or * to list all spells.
Aiming: Pain (safe; 1% risk of failure)
Press: ? - help, Shift-Dir - straight line, f/p - Edmund
Aim: Edmund, wielding a +2 dire flail of holy wrath and wearing a +3 ring mail of willpower (severely wounded, chance to affect: 49%) Edmund resists with some effort.
Edmund says, "What use are spells, anyway?"
Edmund hits you with a +2 dire flail of holy wrath!
You convulse!
* * * LOW HITPOINT WARNING * * *
Casting: Pain (safe; 1% risk of failure)
Confirm with . or Enter, or press ? or * to list all spells.
Aiming: Pain (safe; 1% risk of failure)
Press: ? - help, Shift-Dir - straight line, f/p - Edmund
Aim: Edmund, wielding a +2 dire flail of holy wrath and wearing a +3 ring mail of willpower (severely wounded, chance to affect: 49%) Edmund writhes in agony.
Edmund hits you with a +2 dire flail of holy wrath!
You die...

..#
##.##..###.....##
#..#####....#
#...#..##..##
###....#####
###...##
####....#
#.....##..#
....#.....###
...#.....@..# .
.......@.##
###......#
#.....?.
##...(...
##......#
#.(....# ##(.#.##


You could see Edmund.

Vanquished Creatures
  A bullfrog (D:4)
  A hound (D:4)
  An orc wizard (D:3)
  3 worker ants (D:4)
  4 gnolls (D:2)
  5 adders
  2 oozes
  2 dart slugs
  7 orcs
  4 giant cockroaches
  8 goblins
  9 hobgoblins
  5 jackals
  3 quokkas
  2 ball pythons
  6 bats
  3 frilled lizards
  10 kobolds
  A quokka skeleton (D:4)
  6 rats
83 creatures vanquished.

Notes
Turn   | Place    | Note
-------+----------+-------------------------------------------
     0 | D:1      | Mesmaeker13 the Mummy Necromancer began the quest for the
                  | Orb.
     0 | D:1      | Reached XP level 1. HP: 13/13 MP: 4/4
   316 | D:1      | Reached XP level 2. HP: 9/19 MP: 0/6
  1598 | D:2      | Reached XP level 3. HP: 24/24 MP: 4/7
  1971 | D:2      | Found a basalt altar of Yredelemnul.
  2199 | D:2      | Reached XP level 4. HP: 29/30 MP: 2/9
  2639 | D:2      | Found a white marble altar of Elyvilon.
  2704 | D:2      | Learned a level 3 spell: Vampiric Draining
  3660 | D:3      | Reached XP level 5. HP: 29/35 MP: 3/11
  3773 | D:3      | Reached skill level 5 in Necromancy
  4409 | D:4      | Reached skill level 5 in Spellcasting
  4409 | D:4      | Reached XP level 6. HP: 38/41 MP: 8/13
  4575 | D:4      | Found a burning altar of Makhleb.
  4665 | D:4      | Noticed Edmund
  4680 | D:4      | HP: 2/41 [Edmund/+2 dire flail of holy wrath (11)]
  4681 | D:4      | Mangled by Edmund

Illustrated notes

Levels and vault maps discovered:
D:1:      amcnicky_arrival_blooded_trapdoor, layout_basic
D:2:      layout_rooms, kennysheep_ying_yang, serial_aquarium,
          aquarium_bridge_square [aquarium_subvault_window,
          aquarium_subvault_bridge, aquarium_subvault_window,
          aquarium_subvault_bridge], aquarium_window_corner,
          aquarium_window_fake, aquarium_window_fake, aquarium_view_2b,
          aquarium_pool_2
D:3:      layout_loops_corners
D:4:      layout_cave_pools, grunt_temple_overflow_growth_and_decay,
          makhleb_heckhound_becter, uniq_edmund

Skill      XL: |  1  2  3  4  5 |
---------------+----------------+-----
Spellcasting   | 3 4 5 |  5.2
Dodging        | 2 3 |  3.5
Necromancy     | 5 |  5.5
Stealth        | |  1.5

Action                   |  1- 3 |  4- 6 || total
-------------------------+-------+-------++-------
Melee: Short sword       |     7 |       ||     7
 Fire: Hunting sling     |       |    23 ||    23
 Cast: Pain              |    80 |   122 ||   202
  Use: Scroll            |     3 |     2 ||     5
Armor: Robe              |     4 |     1 ||     5
Dodge: Dodged            |    20 |    22 ||    42

Table legend: (Time is in decaauts)
 A = Elapsed time spent in this place.
 B = Non-inter-level travel time spent in this place.
 C = Inter-level travel time spent in this place.
 D = Time resting spent in this place.
 E = Time spent auto-exploring this place.
 F = Levels seen in this place.
 G = Mean time per level.
                   A        B        C        D        E       F      G
               +--------+--------+--------+--------+--------+-----+--------+
         Total |   4687 |   4616 |     71 |   1320 |   2680 |   4 | 1171.8 |
       Dungeon |   4687 |   4616 |     71 |   1320 |   2680 |   4 | 1171.8 |
               +--------+--------+--------+--------+--------+-----+--------+

Top non-repeatable levels by time:
     D:2: 1512 daAuts
     D:1: 1475 daAuts
     D:3: 1291 daAuts
     D:4: 407 daAuts
